 Dungeon Crawl Stone Soup version 0.21-a0-352-g5b8f553 (webtiles) character file.

2 namelastname112 the Sneak (level 1, -1/11 HPs)
             Began as a Vine Stalker Assassin on Oct 11, 2017.
             Slain by a hobgoblin
             ... wielding a +0 club
              (5 damage)
             ... on level 1 of the Dungeon.
             The game lasted 00:00:24 (538 turns).

namelastname112 the Sneak (Vine Stalker Assassin)    Turns: 538, Time: 00:00:24

Health: -1/11      AC:  3    Str: 13    XL:     1   Next: 40%
Magic:  0/2        EV: 11    Int: 11    God:
Gold:   7          SH:  0    Dex: 15    Spells: 0/0 levels left

rFire    . . .     SeeInvis .   a - +2 dagger
rCold    . . .     Gourm    .   (no shield)
rNeg     . . .     Faith    .   c - +0 robe
rPois    .         Spirit   +   (no helmet)
rElec    .         Reflect  .   d - +0 cloak
rCorr    .         Harm     .   (no gloves)
MR       .....                  (no boots)
Stlth    +++.......             (no amulet)
HPRegen  0.03/turn              (no ring)
MPRegen  0.08/turn              (no ring)

@: no status effects
A: fangs 2, magic shield, antimagic bite, no potion heal 3, rot immunity
a: no special abilities


You were on level 1 of the Dungeon.
You were not hungry.

You visited 1 branch of the dungeon, and saw 1 of its levels.

You collected 7 gold pieces.

Inventory:

Hand Weapons
 a - a +2 dagger (weapon)
 b - a +0 blowgun
Missiles
 e - 8 poisoned needles
 f - 2 curare-tipped needles
Armour
 c - a +0 robe (worn)
 d - a +0 cloak (worn)
Scrolls
 h - a scroll of amnesia {unknown}
 j - a scroll of identify {unknown}
Potions
 i - a potion of agility {unknown}
 k - a potion of heal wounds {unknown}
Comestibles
 g - a bread ration


   Skills:
 + Level 1.8 Fighting
 + Level 1.8 Short Blades
 - Level 1.7 Throwing
 + Level 0.1 Armour
 + Level 0.8 Dodging
 + Level 4.8 Stealth


You couldn't memorise any spells.
You didn't know any spells.

Dungeon Overview and Level Annotations

Branches:
Dungeon (1/15)

Altars:


Innate Abilities, Weirdness & Mutations

You have extremely sharp teeth.
When hurt, damage is shared between your health and your magic reserves.
Your bite disrupts and absorbs the magic of your enemies.
Potions cannot restore your health.
You are immune to rotting.


Message History

A goblin is nearby!
A goblin is nearby!
A goblin is nearby!
A goblin is nearby!
A hobgoblin comes into view. It is wielding a club.
You see here 12 bolts.
The goblin shouts!
The hobgoblin shouts!
You hear a shout!
A rat comes into view.
You hit the goblin. Your bite misses the goblin.
The goblin is heavily wounded.
The goblin closely misses you.
You completely miss the goblin.
The goblin is heavily wounded.
The hobgoblin hits you but does no damage.
The goblin hits you with a dagger.
You take 5 damage, and have 6/11 hp.
MASSIVE DAMAGE!!
You now have 1/2 mp.
You closely miss the goblin.
The goblin is heavily wounded.
The goblin hits you with a dagger. The hobgoblin hits you with a club.
You die...

# #.
.########
.......
#....# #.rgg#
#..@.# #..(.#
##+#.# ##+#
#.#.# .....
#.#.#
.....####.#.#
............#
..........#.#
...###.###.#


You could see a hobgoblin, a goblin and a rat.

Vanquished Creatures
  A goblin (D:1)
  A frilled lizard (D:1)
  A kobold (D:1)
3 creatures vanquished.

Vanquished Creatures (others)
  4 toadstools (D:1)
4 creatures vanquished.

Grand Total: 7 creatures vanquished

Notes
Turn   | Place    | Note
-------+----------+-------------------------------------------
     0 | D:1      | namelastname112 the Vine Stalker Assassin began the quest for the Orb.
     0 | D:1      | Reached XP level 1. HP: 11/11 MP: 2/2
   538 | D:1      | Slain by a hobgoblin

Vault maps used:
D:1:      ldierk_walled_garden_2, minmay_ruptured

Action                   || total
-------------------------++-------
Melee: Dagger            ||    15
       Bite              ||     2
 Stab: Sleeping          ||     1
Armor: Robe              ||     2
Dodge: Dodged            ||    11

Table legend:
 A = Spawn XP
 B = Non-spawn XP
 C = Spawn XP percentage of total XP
 D = Spawn monster count
 E = Non-spawn monster count
 F = Spawn count percentage of total count
 G = Total turns spent on level
                    A         B        C        D         E        F      G
               +---------+---------+-------+---------+---------+-------+---------
         Total |       0 |       4 |   0.0 |       0 |       3 |   0.0 |   538
               +---------+---------+-------+---------+---------+-------+---------
           D:1 |       0 |       4 |   0.0 |       0 |       3 |   0.0 |   538
               +---------+---------+-------+---------+---------+-------+---------
